 Dungeon Crawl Stone Soup version 0.18-a0-1211-g828307d (webtiles) character file.

77 4thArraOfDagon the Skirmisher (level 4, -1/41 HPs)
             Began as a Hill Orc Enchanter on Feb 2, 2016.
             Slain by Natasha (5 damage)
             ... on level 3 of the Dungeon.
             The game lasted 00:03:55 (1026 turns).

4thArraOfDagon the Skirmisher (Hill Orc Enchanter)  Turns: 1026, Time: 00:03:55

Health: -1/41      AC:  3    Str: 10    XL:     4   Next: 34%
Magic:  0/6        EV: 12    Int: 16    God:
Gold:   41         SH:  0    Dex: 11    Spells: 2 memorised, 3 levels left

rFire  + . .     SeeInvis .     a - +1 dagger
rCold  + . .     Gourm    .     b - +1 robe
rNeg   . . .     Faith    .     (no shield)
rPois  +         Spirit   +     (no helmet)
rElec  +         Dismiss  .     (no cloak)
rCorr  +         Reflect  .     (no gloves)
SustAt .         Harm     .     (no boots)
MR     .....                    k - amulet of guardian spirit
Stlth  ++........               q - ring of wizardry
                                e - ring of resist corrosion

@: resistant, flying, not resistant to hostile enchantments, unstealthy
A: no striking features
a: no special abilities


You were on level 3 of the Dungeon.
You were hungry.

You visited 1 branch of the dungeon, and saw 4 of its levels.

You collected 41 gold pieces.

Inventory:

Hand Weapons
 a - a +1 dagger (weapon)
Armour
 b - a +1 robe (worn)
Jewellery
 e - a ring of resist corrosion (left hand)
 k - an amulet of guardian spirit (around neck)
 q - a ring of wizardry (right hand)
Scrolls
 g - a scroll of identify
 p - a scroll of fog
Potions
 m - a potion of poison
Books
 c - a book of Maledictions

   Spells                             Type                      Level
   a - Corona                         Hexes                        1
   b - Ensorcelled Hibernation        Hexes/Ice                    2
   c - Confuse                        Hexes                        3
   d - Tukima's Dance                 Hexes                        3
   e - Dazzling Spray                 Conjuration/Hexes            3
Comestibles
 d - a bread ration
 f - a beef jerky
 j - 2 meat rations
 l - a slice of pizza
 r - 3 fruits


   Skills:
 + Level 4.6 Fighting
 - Level 1.0 Short Blades
 - Level 1.5 Dodging
 - Level 2.4 Stealth
 - Level 1.5 Spellcasting
 - Level 3.0 Hexes


You had 3 spell levels left.
You knew the following spells:

 Your Spells              Type           Power        Failure   Level  Hunger
a - Corona                Hex            ##.....      4%          1    ##.....
b - Ensorcelled Hibernat  Hex/Ice        #.....       9%          2    ###....


Dungeon Overview and Level Annotations

Branches:
Dungeon (4/15)
 Temple: D:4-7

Altars:

Annotations:
D:3 Natasha


Message History

Unknown command.
You see here a scroll of identify.
g - a scroll of identify Natasha closely misses you.
Natasha claws you.
* * * LOW HITPOINT WARNING * * *
Unknown command.
Natasha closely misses you.
You see here a scroll labeled VIUHUQ ZOPO.
Unknown command.
h - a scroll labeled VIUHUQ ZOPO Natasha claws you!
* * * LOW HITPOINT WARNING * * *
Read which item? (? for menu, Esc to quit)
As you read the scroll labeled VIUHUQ ZOPO, it crumbles to dust.
You hear a loud clanging noise!
It was a scroll of noise.
Natasha hisses.
Natasha claws you!
You die...

.....##.# .......r.
.....##.# ......
##'####.##### .....
............#
...####.###.#########
....................###.
....#.#.................
..#######...............
.# #.......@....... #
#.......h...##..
##..........#
#..........#
#..........#
##.######### #.# #.#


You could see Natasha.

Vanquished Creatures
  A centaur skeleton (D:4)
  3 adders
  A giant gecko (D:2)
  3 bats
  2 giant cockroaches
  2 hobgoblins
  A ball python (D:2)
  A giant newt (D:2)
  A goblin (D:2)
  4 kobolds (D:2)
  4 rats
23 creatures vanquished.

Notes
Turn   | Place    | Note
--------------------------------------------------------------
     0 | D:1      | 4thArraOfDagon the Hill Orc Enchanter began the quest for the Orb.
     0 | D:1      | Reached XP level 1. HP: 14/14 MP: 3/3
   120 | D:1      | Reached skill level 1 in Fighting
   311 | D:2      | Reached XP level 2. HP: 11/24 MP: 4/4
   556 | D:3      | Learned a level 2 spell: Ensorcelled Hibernation
   572 | D:3      | Reached XP level 3. HP: 26/31 MP: 1/5
   664 | D:3      | Noticed Natasha
   919 | D:4      | Reached skill level 4 in Fighting
   919 | D:4      | Reached XP level 4. HP: 28/41 MP: 3/6
  1026 | D:3      | Slain by Natasha

Vault maps used:
D:1:      saegor_arrival_simple_f
D:2:      wad_lake_hut, first_bread
D:3:      nrook_uturn, uniq_natasha
D:4:      lemuel_round_altar, lemuel_round_altar, serial_shops, shop,
          uniq_grinder

Action                   |  1- 3 |  4- 6 || total
-------------------------+-------+-------++-------
Melee: Dagger            |    93 |     1 ||    94
 Cast: Corona            |     3 |       ||     3
       Ensorcelled Hiber |     2 |     1 ||     3
  Use: Potion            |       |     4 ||     4
       Scroll            |       |     3 ||     3
 Stab: Sleeping          |     7 |     1 ||     8
